 Dungeon Crawl Stone Soup version 0.26-a0-854-gdc81c2f471 (webtiles) character file.

Game seed: 7029436730502450792

152 stormannnn the Skirmisher (level 5, -2/48 HPs)
             Began as a Minotaur Fighter on Nov 23, 2020.
             Slain by a gnoll
             ... wielding a +0 spear
              (5 damage)
             ... on level 2 of the Dungeon.
             The game lasted 00:01:26 (1764 turns).

stormannnn the Skirmisher (Minotaur Fighter)        Turns: 1764, Time: 00:01:26

Health: -2/48      AC:  9    Str: 21 (22) XL:     5   Next: 11%
Magic:  4/4        EV:  7    Int:  2 (5)  God:
Gold:   95         SH:  9    Dex:  8 (9)  Spells: 4/4 levels left

rFire    . . .     SeeInvis .   a - +0 war axe
rCold    . . .     Faith    .   c - +0 kite shield
rNeg     . . .     Spirit   .   b - +0 scale mail
rPois    .         Reflect  .   (helmet restricted)
rElec    .         Harm     .   (no cloak)
rCorr    .         Rampage  .   (no gloves)
MR       .....                  (no boots)
Stlth    ..........             (no amulet)
HPRegen  0.56/turn              (no ring)
MPRegen  0.09/turn              (no ring)

@: mighty, lightly drained
A: retaliatory headbutt, horns 2, slimy green scales 1, regeneration 1
a: no special abilities


You were on level 2 of the Dungeon.
You visited 1 branch of the dungeon, and saw 2 of its levels.

You collected 95 gold pieces.

Inventory:

Hand Weapons
 a - a +0 war axe (weapon)
Armour
 b - a +0 scale mail (worn)
 c - a +0 kite shield (worn)
Wands
 i - a wand of acid (10)
Scrolls
 e - a scroll of enchant weapon {unknown}
 f - a scroll of immolation {unknown}
 j - 2 scrolls of identify {unknown}
Potions
 d - a potion of might


   Skills:
 * Level 5.0 Fighting
 * Level 4.2(4.1) Axes
 + Level 4.4 Armour
 + Level 4.3(4.2) Shields


You had 4 spell levels left.
You didn't know any spells.
Your spell library was empty.

Dungeon Overview and Level Annotations

Branches:
Dungeon (2/15)

Altars:


Innate Abilities, Weirdness & Mutations

You reflexively headbutt those who attack you in melee.
You have a pair of horns on your head.
You are partially covered in slimy green scales. (AC +2)
Your natural rate of healing is unusually fast.


Message History

You kill the gnoll!
The gnoll hits you from afar with a +0 spear.
* * * LOW HITPOINT WARNING * * *
The giant cockroach bites you but does no damage.
Your base Fighting skill increases to level 5!
You slash the giant cockroach!
You kill the giant cockroach!
The gnoll hits you but does no damage.
Okay, then.
Okay, then.
The gnoll hits you but does no damage. The gnoll hits you with a +0 spear.
* * * LOW HITPOINT WARNING * * *
You block the gnoll's attack.
Items here: )) †††.
You barely miss the gnoll. You hit the gnoll.
The gnoll hits you with a +0 spear.
* * * LOW HITPOINT WARNING * * *
You block the gnoll's attack.
The gnoll hits you from afar with a +0 spear.
You die...

### #.# #####.# ####...
#)# ## ##...<. #.# #. #
...... #.###### ..#
8.... ###....... ..##
...####...###### ..# g.#
..#...# # #.##g# #.#..>#
# #.†@g# #.#.#.# #
..####[#####.#.#.######
...........##.#.#.....##
...........##.#.#.......
...........##.#.#......#
...........'[.#...####.#
##.........#..##### #.#
########+##..#.. #.#
#.....#.# #.#


You could see 3 gnolls.

Vanquished Creatures
  3 gnolls (D:2)
  6 adders (D:2)
  An ooze (D:1)
  2 worms (D:2)
  A dart slug (D:1)
  2 leopard geckos
  6 bats
  4 giant cockroaches
  7 goblins
  3 hobgoblins
  4 jackals (D:1)
  3 ball pythons
  3 frilled lizards
  9 kobolds
  5 rats
59 creatures vanquished.

Notes
Turn   | Place    | Note
-------+----------+-------------------------------------------
     0 | D:1      | stormannnn the Minotaur Fighter began the quest for the
                  | Orb.
     0 | D:1      | Reached XP level 1. HP: 19/19 MP: 0/0
   221 | D:1      | Reached XP level 2. HP: 19/27 MP: 1/1
   415 | D:1      | Reached skill level 4 in Fighting
   699 | D:1      | Reached XP level 3. HP: 33/33 MP: 2/2
  1337 | D:2      | Reached XP level 4. HP: 41/41 MP: 3/3
  1751 | D:2      | Reached XP level 5. HP: 26/47 MP: 4/4
  1758 | D:2      | Gained mutation: Your natural rate of healing is unusually
                  | fast. [potion of mutation]
  1758 | D:2      | Gained mutation: You are partially covered in slimy green
                  | scales. (AC +2) [potion of mutation]
  1762 | D:2      | Reached skill level 5 in Fighting
  1764 | D:2      | Slain by a gnoll

Illustrated notes

Levels and vault maps discovered:
D:1:      tarquinn_simple_flora_water_d, layout_loops_corners
D:2:      layout_basic, grunt_ministairs_12, corexii_corridor_pit

Skill      XL: |  1  2  3  4  5 |
---------------+----------------+-----
Fighting       | 4 5 |  5.0
Axes           | 3 4 |  4.2
Armour         | 4 |  4.4
Shields        | 4 |  4.3

Action                   |  1- 3 |  4- 6 || total
-------------------------+-------+-------++-------
Melee: War axe           |    81 |    42 ||   123
       Headbutt          |    10 |     7 ||    17
  Use: Potion            |       |     3 ||     3
Armor: Scale mail        |    41 |    25 ||    66
Dodge: Dodged            |    24 |    26 ||    50
Block: Kite shield       |    47 |    32 ||    79

Table legend: (Time is in decaauts)
 A = Elapsed time spent in this place.
 B = Non-inter-level travel time spent in this place.
 C = Inter-level travel time spent in this place.
 D = Time resting spent in this place.
 E = Time spent auto-exploring this place.
 F = Levels seen in this place.
 G = Mean time per level.
                   A        B        C        D        E       F      G
               +--------+--------+--------+--------+--------+-----+--------+
         Total |   1818 |   1768 |     50 |      0 |   1462 |   2 |  909.0 |
       Dungeon |   1818 |   1768 |     50 |      0 |   1462 |   2 |  909.0 |
               +--------+--------+--------+--------+--------+-----+--------+

Top non-repeatable levels by time:
     D:1: 1142 daAuts
     D:2: 676 daAuts
